 Dungeon Crawl Stone Soup version 0.29.1-2-gbd0b4ee654 (webtiles) character file.

Game seed: 8862848343855472226

30419 funnyparkerb the Spry (level 13, -6/67 HPs)
             Began as a Felid Summoner on Nov 12, 2022.
             Was an Initiate of Gozag.
             Killed from afar by a shock serpent (24 damage)
             ... with a bolt of electricity
             ... on level 1 of the Snake Pit.
             The game lasted 01:02:24 (34057 turns).

funnyparkerb the Spry (Felid Summoner)             Turns: 34057, Time: 01:02:25

Health: -6/67      AC:  3    Str:  4    XL:     13   Next: 20%
Magic:  19/28      EV: 30    Int: 33    God:    Gozag
Gold:   1086       SH:  0    Dex: 17    Spells: 1/32 levels left
                                        Lives:  0   Deaths: 4

rFire   . . .      SeeInvis +   (weapon unavailable)
rCold   + . .      Faith    .   (shield unavailable)
rNeg    . . .      Spirit   .   (body armour unavailable)
rPois   .          Reflect  .   (helmet unavailable)
rElec   .          Harm     .   (cloak unavailable)
rCorr   .          Rampage  .   (gloves unavailable)
Will    +....                   (boots unavailable)
Stlth   ++........              w - amulet of magic regeneration
HPRegen 0.21/turn               x - +6 ring of intelligence
MPRegen 0.61/turn               k - +6 ring of intelligence

@: swift, very quick
A: very small, claws 1, fangs 3, see invisible, speed 1, shaggy fur 3, stealthy
paws, no weapons or thrown items, no armour, multi-lived
a: Renounce Religion, Potion Petition, Call Merchant, Bribe Branch


You were on level 1 of the Snake Pit.
You worshipped Gozag.
Gozag was most pleased with you.
You visited 6 branches of the dungeon, and saw 25 of its levels.

You collected 5598 gold pieces.
You spent 400 gold pieces at shops.
You paid 4112 gold pieces to Gozag.

Inventory:

Jewellery
 g - a ring of protection from fire
 j - a ring of protection from fire
 k - a +6 ring of intelligence (right paw)
 w - an amulet of magic regeneration (around neck)
 x - a +6 ring of intelligence (left paw)
 y - a +4 ring of evasion
 J - a ring of willpower
 K - a ring of flight
 L - a ring of protection from fire
Wands
 d - a wand of polymorph (11)
 n - a wand of iceblast (13)
 r - a wand of flame (21)
 H - a wand of mindburst (5)
 I - a wand of paralysis (4)
Scrolls
 c - a scroll of torment
 e - 5 scrolls of fear
 h - 5 scrolls of amnesia
 i - 9 scrolls of immolation
 l - 6 scrolls of vulnerability
 u - 5 scrolls of teleportation
 v - 3 scrolls of butterflies
 D - 6 scrolls of poison
 F - a scroll of magic mapping
 M - a scroll of identify
Potions
 a - 3 potions of magic
 b - 8 potions of curing
 f - 3 potions of heal wounds
 m - 4 potions of flight
 o - a potion of berserk rage
 p - 6 potions of lignification
 q - 5 potions of haste
 s - 4 potions of mutation
 t - 2 potions of cancellation
 z - 3 potions of might {unknown}
 A - a potion of ambrosia
 B - 2 potions of brilliance {unknown}
 C - 3 potions of attraction
 E - a potion of invisibility
 G - 2 potions of resistance {unknown}


   Skills:
 + Level 13.8 Fighting
 + Level 17.9 Dodging
 - Level 2.6 Stealth
 - Level 10.0 Spellcasting
 - Level 10.0 Hexes
 - Level 10.0 Summonings
 * Level 6.2 Transmutations
 - Level 7.0 Air Magic


You had one spell level left.
You knew the following spells:

 Your Spells              Type           Power      Damage    Failure   Level
a - Summon Small Mammal   Summ           100%       N/A       1%          1
b - Call Imp              Summ           70%        N/A       1%          2
c - Call Canine Familiar  Summ           70%        N/A       1%          3
d - Summon Guardian Gole  Hex/Summ       70%        N/A       1%          3
e - Summon Lightning Spi  Summ/Air       64%        N/A       1%          4
f - Swiftness             Air            58%        N/A       1%          3
g - Inner Flame           Hex/Fire       49%        N/A       1%          3
h - Summon Mana Viper     Hex/Summ       70%        N/A       1%          5
i - Dragon Form           Tmut           27%        N/A       88%         7

Your spell library contained the following spells:

 Spells                   Type           Power      Damage    Failure   Level
 Necrotise                Necr           64%        1d7       2%          1
 Ensorcelled Hibernation  Hex/Ice        98%        N/A       1%          2
 Passwall                 Tmut/Erth      30%        N/A       1%          2
 Static Discharge         Conj/Air       39%        3-8/arc   1%          2
 Wereblood                Tmut           55%        N/A       1%          2
 Cause Fear               Hex            35%        N/A       1%          4
 Ignite Poison            Fire/Tmut/Pois 30%        N/A       3%          3
 Mephitic Cloud           Conj/Pois/Air  31%        N/A       3%          3
 Fulminant Prism          Conj/Hex       24%        3d13      3%          4
 Summon Ice Beast         Ice/Summ       49%        N/A       3%          4
 Sublimation of Blood     Necr           16%        N/A       4%          2
 Blade Hands              Tmut           27%        N/A       6%          5
 Gell's Gravitas          Tloc           16%        N/A       9%          3
 Lesser Beckoning         Tloc           16%        N/A       9%          3
 Teleport Other           Tloc           16%        N/A       9%          3
 Vampiric Draining        Necr           16%        2d7       9%          3
 Lightning Bolt           Conj/Air       19%        1d34      19%         5
 Irradiate                Conj/Tmut      18%        3d17      22%         5
 Dispel Undead            Necr           16%        3d10      28%         4
 Iskenderun's Mystic Bla  Conj/Tloc      16%        2d5       28%         4
 Sticky Flame             Conj/Fire      16%        2d4       28%         4
 Freezing Cloud           Conj/Ice/Air   15%        6-21      30%         5
 Monstrous Menagerie      Summ           35%        N/A       36%         7
 Summon Hydra             Summ           35%        N/A       36%         7
 Agony                    Necr           16%        N/A       61%         5
 Lee's Rapid Deconstruct  Erth           8%         3d8*      61%         5
 Discord                  Hex            35%        N/A       97%         8
 Maxwell's Capacitive Co  Air            29%        ∞         100%        8


Dungeon Overview and Level Annotations

Branches:
Dungeon (14/15)            Temple (1/1) D:7            Lair (5/5) D:9
  Swamp (2/4) Lair:2        Snake (1/4) Lair:3        Slime (0/5) Lair:5
    Orc (2/2) D:9             Elf (0/3) Orc:2
 Vaults: D:13-14

Altars:
Ashenzari
Cheibriados
Dithmenos
Elyvilon
Fedhas
Gozag
Hepliaklqana
Kikubaaqudgha
Makhleb
Nemelex Xobeh
Okawaru
Qazlal
Ru
Sif Muna
Trog
Uskayaw
Vehumet
Wu Jian
Xom
Yredelemnul
Zin
The Shining One
Jiyva

Shops:
D:1 !   D:3 (   D:6 *   D:7 [?   D:12 :   D:13 :   Orc:1 ?   Orc:2 ?   Lair:2 =
Lair:4 ?

Annotations:
D:12 2 runed translucent doors
D:14 Roxanne
Lair:4 3 runed translucent doors, Manay's ghost, journeyman DsDe


Innate Abilities, Weirdness & Mutations

You have sharp claws.
You have razor-sharp teeth.
You have supernaturally acute eyesight. (SInv)
You cover ground quickly. (Speed+)
Your thick and shaggy fur keeps you warm. (AC +3, rC+)
Your paws help you pounce on unaware monsters.
You are incapable of wielding weapons or throwing items.
You cannot wear armour.
You gain extra lives every three experience levels.


Message History

Your mana viper closely misses the shock serpent.
The shock serpent bites you but does no damage.
The shock serpent completely misses you.
Your mana viper closely misses the shock serpent.
Casting: Call Canine Familiar (safe; 1% risk of failure)
Confirm with . or Enter, or press ? or * to list all spells.
A guardian golem appears, shielding your allies.
The shock serpent completely misses you.
Your mana viper bites the shock serpent!
You closely miss the shock serpent.
The shock serpent is heavily wounded.
The shock serpent bites you! The shock serpent shocks you!
* * * LOW HITPOINT WARNING * * *
Your mana viper bites the shock serpent.
The shock serpent completely misses you.
Your mana viper closely misses the shock serpent.
You swap places.
The shock serpent bites your lightning spire.
The shock serpent shocks your lightning spire.
Your lightning spire completely resists.
Your warg closely misses the shock serpent.
The shock serpent bites your lightning spire.
The shock serpent shocks your lightning spire.
Your lightning spire completely resists.
What are your orders? t - Meow!
Orders for allies: a - Attack new target. p - Attack previous target. r - Retreat! s - Stop attacking. g - Guard the area. f - Follow me.
Anything else - Cancel.
Gang up on whom?
Press: ? - help, Dir - move target, f/p - shock serpent
Aim: a shock serpent (heavily wounded, ally target) Attack!
Your warg bites the shock serpent!
The shock serpent's electric aura discharges, shocking your warg!
The shock serpent shoots out a bolt of lightning at you!
The bolt of electricity hits your lightning spire but does no damage.
The bolt of electricity hits you!!
You die...
Your body crumbles into a pile of gold.

#.. ... ... #.#
#.# #. #.####....
..... ##hS9...:#
.....
####.8#S....#
......
#..#@##...##.
......##...##..###
......#.....#..##
.....##.........
###..#.##.......
#..##..#..######
#..##..## #....<##
#...}..#


You could see a shock serpent (ally target), a friendly guardian golem
(summoned), a friendly warg (summoned, sheltered) and a friendly lightning spire
(summoned, sheltered).

Vanquished Creatures
  2 blink frogs (Lair:1)
  2 nagas (Lair:3)
  6 electric eels
  An orc priest (D:7)
  2 adders (D:3)
  A worm (D:5)
  4 orcs
  An endoplasm (D:1)
  A giant cockroach (D:2)
  2 hobgoblins
  A jackal (D:3)
  2 kobolds
  A ball python (D:4)
  2 bats (D:1)
  4 goblins
32 creatures vanquished.

Vanquished Creatures (collateral kills)
  Rupert (Lair:3)
  Frances (D:12)
  2 bunyips
  Josephine (Lair:4)
  A merfolk avatar (Lair:5)
  2 hydras (Lair:4)
  2 centaur warriors
  A boulder beetle (Lair:3)
  5 death yaks (Lair:5)
  An orc high priest (Orc:1)
  Urug (D:10)
  A spriggan druid (Swamp:1)
  A bog body (Swamp:1)
  An orc knight (Orc:2)
  A necromancer (Lair:4)
  A lindwurm (Lair:5)
  6 manticores
  3 orc sorcerers
  2 cyclopes
  3 elephants (Lair:5)
  2 torpor snails
  2 black mambas
  A gargoyle (D:13)
  A demonic crawler (D:13)
  7 cane toads
  2 kobold demonologists
  3 rime drakes (Lair:5)
  An efreet (D:13)
  7 komodo dragons
  Maggie (Lair:1)
  4 trolls
  3 polar bears
  3 hornets
  3 tyrant leeches
  3 wind drakes (Lair:5)
  12 dream sheep
  4 slime creatures (D:12)
  7 blink frogs
  2 centaur simulacra (D:10)
  4 wraiths (Lair:4)
  9 wyverns
  A vampire (D:12)
  Eustachio (D:6)
  5 basilisks
  36 yaks
  2 steam dragons (D:10)
  7 vampire mosquitoes
  2 wargs (Orc:1)
  2 nagas (Lair:3)
  11 water moccasins
  An acid dragon (D:13)
  6 swamp worms
  7 orc warriors
  2 swamp drakes
  An ice beast (D:10)
  2 sky beasts
  2 elephant zombies (Lair:4)
  6 ogres
  4 boggarts (Lair:4)
  7 centaurs
  9 wolves
  2 komodo dragon zombies (Lair:4)
  20 bullfrogs
  2 gnoll sergeants
  2 scorpions
  3 kobold brigands
  Blork the orc (D:4)
  A necrophage (D:6)
  6 wights
  A killer bee (D:8)
  5 howler monkeys
  3 hounds
  A jelly (D:8)
  11 orc priests
  A basilisk zombie (Lair:4)
  A gnoll bouda (D:8)
  Ijyb (D:5)
  An iguana (D:7)
  14 orc wizards
  15 gnolls
  8 adders
  10 white imps
  An ufetubus (D:10)
  2 worms (D:2)
  A dart slug (D:5)
  66 orcs
  7 ball pythons
  2 endoplasms (D:4)
  3 giant cockroaches
  9 hobgoblins
  8 jackals
  A quokka (D:4)
  2 bats
  4 goblins
  9 kobolds
  4 rats
  A bush (Lair:4)
461 creatures vanquished.

Vanquished Creatures (others)
  A boulder beetle (D:13)
  A hydra (Lair:3)
  4 centaur warriors (D:13)
  A death yak (Lair:5)
  A sea snake (Lair:5)
  An orc knight (D:12)
  A deep elf pyromancer (D:13)
  A will-o-the-wisp (Swamp:2)
  2 elephants (Lair:5)
  A black mamba (Lair:2)
  A cane toad (Lair:3)
  A komodo dragon (Lair:1)
  3 bloated husks
  3 polar bears
  A troll (D:11)
  A tyrant leech (D:13)
  A hornet (D:8)
  2 dream sheep (Lair:4)
  A shadow (D:12)
  A wyvern (D:9)
  4 yaks
  A steam dragon (D:9)
  A vampire mosquito (Swamp:1)
  A swamp worm (D:13)
  An ice beast (D:10)
  7 orc warriors
  2 black bears (D:4)
  2 ogres
  A centaur (D:4)
  2 kobold brigands (D:8)
  2 scorpions
  2 orc priests
  A jelly (D:8)
  A gnoll bouda (D:9)
  5 gnolls
  An ufetubus (D:10)
  2 orcs
  A hobgoblin (D:4)
  6 foxfires (Swamp:2)
  27 fungi
  70 plants
169 creatures vanquished.

Grand Total: 662 creatures vanquished

Notes
Turn   | Place    | Note
-------+----------+-------------------------------------------
     0 | D:1      | funnyparkerb the Felid Summoner began the quest for the
                  | Orb.
     0 | D:1      | Reached XP level 1. HP: 7/7 MP: 4/4
    46 | D:1      | Found Huasi's Distillery.
   252 | D:1      | Reached XP level 2. HP: 10/11 MP: 4/6
   259 | D:1      | Learned a level 2 spell: Call Imp
   990 | D:2      | Found a faded altar of an unknown god.
  1132 | D:2      | Reached XP level 3. HP: 14/14 MP: 1/8
  1136 | D:2      | Learned a level 3 spell: Call Canine Familiar
  1362 | D:2      | Reached XP level 4. HP: 18/18 MP: 2/9
  1600 | D:2      | Reached skill level 5 in Summonings
  2061 | D:2      | Learned a level 3 spell: Summon Guardian Golem
  2246 | D:3      | Reached skill level 1 in Hexes
  2461 | D:3      | Found Zuitebb's Antique Weapon Shop.
  2570 | D:3      | Reached XP level 5. HP: 21/21 MP: 11/11
  3101 | D:4      | Noticed Blork the orc
  3289 | D:4      | Noticed a black bear
  3301 | D:4      | Killed a black bear
  3415 | D:4      | Gained mutation: You are covered in thick fur. (AC +2)
                  | [Felid growth]
  3415 | D:4      | Reached XP level 6. HP: 24/24 MP: 7/13
  3420 | D:4      | Learned a level 4 spell: Summon Lightning Spire
  3650 | D:4      | Reached skill level 3 in Dodging
  3734 | D:4      | Killed Blork the orc
  3735 | D:4      | Reached skill level 1 in Fighting
  3735 | D:4      | Reached skill level 1 in Air Magic
  4099 | D:4      | Noticed an orc warrior
  4099 | D:4      | Noticed a yak
  4112 | D:4      | Killed a yak
  4113 | D:4      | Reached XP level 7. HP: 28/28 MP: 6/14
  4535 | D:4      | Reached skill level 4 in Dodging
  4930 | D:4      | Found a shimmering altar of Xom.
  5153 | D:5      | Entered Level 5 of the Dungeon
  5403 | D:5      | Found a hazy altar of Hepliaklqana.
  5409 | D:5      | Reached skill level 5 in Hexes
  5409 | D:5      | Reached XP level 8. HP: 33/34 MP: 16/16
  5577 | D:5      | You fall into a shaft and drop 1 floor!
  5640 | D:6      | Noticed Eustachio
  5806 | D:6      | Killed Eustachio
  5807 | D:6      | Reached skill level 5 in Spellcasting
  5996 | D:6      | Reached skill level 5 in Dodging
  6468 | D:5      | Reached skill level 6 in Dodging
  6833 | D:5      | Noticed Ijyb
  6845 | D:5      | Killed Ijyb
  7349 | D:6      | Found Xaguic's Lightly-Used Armoury.
  7495 | D:7      | Found Yheffybi's Magic Scroll Shop.
  7510 | D:7      | Reached XP level 9. HP: 13/39 MP: 9/18
  7714 | D:7      | Bought 3 scrolls of identify for 96 gold pieces
  7714 | D:7      | Bought a scroll of identify for 32 gold pieces
  7714 | D:7      | Bought a scroll of identify for 32 gold pieces
  7714 | D:7      | Bought a scroll of identify for 32 gold pieces
  7731 | D:7      | Bought a scroll of teleportation for 48 gold pieces
  7731 | D:7      | Bought 2 scrolls of teleportation for 96 gold pieces
  7731 | D:7      | Bought a scroll of fear for 64 gold pieces
  8159 | D:7      | Found Seij's Armour Shop.
  8703 | D:7      | Identified the +2 hand axe of Ambiguity {protect, Int+5
                  | SInv}
  8757 | D:7      | Identified the +3 hand axe of Valour {vorpal, rElec rN+
                  | Will- Stlth+}
  8951 | D:7      | Found a staircase to the Ecumenical Temple.
  8981 | Temple   | Entered the Ecumenical Temple
  9412 | D:8      | Reached skill level 7 in Dodging
 10032 | D:8      | Reached skill level 5 in Fighting
 10943 | D:8      | Found a hazy altar of Hepliaklqana.
 10944 | D:8      | Found a shimmering blue altar of Sif Muna.
 10946 | D:8      | Found a hide-covered altar of Uskayaw.
 10950 | D:8      | Found a sparkling altar of Nemelex Xobeh.
 10950 | D:8      | Found a glowing golden altar of the Shining One.
 10953 | D:8      | Found an opulent altar of Gozag.
 10954 | D:8      | Found a stormy altar of Qazlal.
 10994 | D:8      | Noticed a kobold demonologist
 11006 | D:8      | Noticed a sun demon
 11007 | D:8      | Noticed a hellwing
 11010 | D:8      | Reached skill level 5 in Air Magic
 11010 | D:8      | Killed a kobold demonologist
 11011 | D:8      | Reached skill level 8 in Dodging
 11011 | D:8      | Reached XP level 10. HP: 44/44 MP: 8/21
 11684 | D:9      | Found a staircase to the Orcish Mines.
 13021 | D:9      | Reached skill level 9 in Dodging
 13381 | D:9      | Found a staircase to the Lair.
 13574 | D:8      | Became a worshipper of Gozag Ym Sagoz the Greedy
 13784 | D:10     | Entered Level 10 of the Dungeon
 13993 | D:10     | Slain by a centaur warrior simulacrum
 13994 | D:10     | Reached XP level 9. HP: -1/42 MP: 21/21
 14023 | D:10     | Reached XP level 10. HP: 42/46 MP: 19/22
 15375 | D:10     | Reached skill level 10 in Dodging
 15507 | D:10     | Noticed Urug
 15525 | D:10     | Killed Urug
 16132 | D:11     | Reached XP level 11. HP: 50/50 MP: 24/24
 16928 | Lair:1   | Entered Level 1 of the Lair of Beasts
 17159 | Lair:1   | Found a frozen archway.
 17196 | Lair:1   | Slain by a blink frog
 17197 | Lair:1   | Reached XP level 10. HP: -3/47 MP: 23/23
 17410 | Lair:1   | Learned a level 3 spell: Swiftness
 17414 | Lair:1   | Learned a level 3 spell: Inner Flame
 17613 | Lair:1   | Noticed a cane toad
 17622 | Lair:1   | Killed a cane toad
 17623 | Lair:1   | Reached skill level 10 in Summonings
 17744 | Lair:1   | Reached skill level 11 in Dodging
 17851 | Lair:1   | Noticed Maggie
 18138 | Lair:1   | Killed Maggie
 18595 | Lair:2   | Reached XP level 11. HP: 52/52 MP: 19/25
 18681 | Lair:2   | Found a staircase to the Swamp.
 19746 | Lair:3   | Noticed a boulder beetle
 19783 | Lair:3   | Found a staircase to the Snake Pit.
 19796 | Lair:3   | Reached skill level 12 in Dodging
 20236 | Lair:3   | Killed a boulder beetle
 20272 | Lair:3   | Noticed a seven-headed hydra
 20286 | Lair:3   | Killed a seven-headed hydra
 20307 | Lair:3   | Noticed Rupert
 20330 | Lair:3   | Killed Rupert
 21013 | Lair:4   | Reached skill level 13 in Dodging
 21013 | Lair:4   | Reached skill level 10 in Spellcasting
 21015 | Lair:4   | Noticed a five-headed hydra
 21167 | Lair:4   | Mangled by a five-headed hydra
 21168 | Lair:4   | Reached XP level 10. HP: -7/51 MP: 25/25
 21168 | Lair:4   | Found a runed translucent gate.
 21168 | Lair:4   | Found a runed translucent gate.
 21168 | Lair:4   | Found a runed translucent gate.
 21186 | Lair:4   | Noticed Manay's ghost (journeyman DsDe)
 21197 | Lair:4   | Noticed a five-headed hydra
 21210 | Lair:4   | Killed a five-headed hydra
 21211 | Lair:4   | Reached skill level 10 in Fighting
 21211 | Lair:4   | Reached XP level 11. HP: 54/54 MP: 20/26
 21517 | Lair:4   | Killed a five-headed hydra
 21991 | Lair:4   | Noticed Josephine
 22002 | Lair:4   | Killed Josephine
 22006 | Lair:4   | Reached skill level 14 in Dodging
 22744 | Lair:4   | Noticed a necromancer
 22759 | Lair:4   | Killed a necromancer
 22955 | Lair:5   | Entered Level 5 of the Lair of Beasts
 22955 | Lair:5   | Noticed a lindwurm
 23152 | Lair:5   | Gained mutation: Your thick and shaggy fur keeps you warm.
                  | (AC +3, rC+) [Felid growth]
 23152 | Lair:5   | Reached XP level 12. HP: 36/60 MP: 23/27
 23287 | Lair:5   | Reached skill level 15 in Dodging
 23562 | Lair:5   | Noticed a death yak
 23562 | Lair:5   | Noticed a death yak
 23562 | Lair:5   | Noticed a death yak
 23562 | Lair:5   | Noticed a death yak
 23562 | Lair:5   | Noticed a death yak
 23562 | Lair:5   | Noticed a death yak
 23813 | D:12     | Noticed Frances
 23829 | D:12     | Killed Frances
 24248 | D:12     | Found a runed translucent door.
 24430 | D:12     | Found a shimmering blue altar of Sif Muna.
 24492 | D:12     | Noticed a centaur warrior
 25050 | D:11     | Learned a level 5 spell: Summon Mana Viper
 25147 | D:12     | Killed a centaur warrior
 25148 | D:12     | Reached skill level 16 in Dodging
 25866 | D:12     | Found a runed translucent door.
 26066 | D:12     | Noticed a boulder beetle
 26290 | D:13     | Noticed a centaur warrior
 26296 | D:13     | Killed a centaur warrior
 26399 | D:13     | Noticed a centaur warrior
 26845 | Lair:5   | Reached XP level 13. HP: 58/65 MP: 20/28
 27548 | Lair:5   | Found the dreamshard necklace {*Dream Drain}
 27762 | Lair:5   | Found a staircase to the Slime Pits.
 27762 | Lair:5   | Found a viscous altar of Jiyva.
 27888 | Lair:5   | Reached skill level 17 in Dodging
 28361 | Lair:5   | Found the +8 trident of the Octopus King {venom, rElec
                  | rPois}
 28430 | Lair:5   | Learned a level 7 spell: Dragon Form
 28634 | Orc:1    | Entered Level 1 of the Orcish Mines
 28848 | Orc:1    | Reached skill level 1 in Transmutations
 29670 | Orc:2    | Entered Level 2 of the Orcish Mines
 29670 | Orc:2    | Found a staircase to the Elven Halls.
 29785 | Orc:2    | Found Ewnie's Magic Scroll Shoppe.
 29804 | Orc:2    | Noticed an orc warlord
 30525 | D:13     | HP: 3/66 [centaur warrior (4)]
 30778 | D:13     | Reached skill level 10 in Hexes
 31403 | D:13     | Reached XP level 14. HP: 50/70 MP: 22/29
 31558 | D:13     | Identified the +7 chain mail of the Pit {rF+ rN+ Slay+3}
 32215 | D:14     | Identified Roxanne's Volume of Transmutation
 32215 | D:14     | Noticed Roxanne
 32484 | Swamp:1  | Entered Level 1 of the Swamp
 32496 | Swamp:1  | Reached skill level 5 in Transmutations
 33735 | Swamp:2  | Slain by an eight-headed hydra
 33736 | Swamp:2  | Reached XP level 13. HP: -2/67 MP: 25/28
 33757 | Swamp:2  | Noticed a thorn hunter
 34030 | Snake:1  | Entered Level 1 of the Snake Pit
 34057 | Snake:1  | Killed from afar by a shock serpent

Illustrated notes

Levels and vault maps discovered:
D:1:      dpeg_arrival_rhombus, layout_rooms, serial_shops,
          nicolae_shop_behind_doors
D:2:      layout_rooms, nicolae_ecumenical_pavilion
D:3:      layout_basic, serial_shops, shop, chequers_serial_rivers_micro_b,
          dreamdust_wishing_well
D:4:      minmay_angry_zag, layout_cave_pods, mainiacjoe_overflow_alcove_4,
          serial_column_ruins, column_ruins_courtyard_long,
          column_ruins_hut_pillars, column_ruins_open_small,
          column_ruins_corridor_straight, column_ruins_columns_plus,
          column_ruins_open_tiny, column_ruins_columns_straight,
          column_ruins_open_small, minmay_manual_monolith, uniq_blork_the_orc
D:5:      layout_basic, minmay_ruined_shrine, uniq_ijyb
D:6:      layout_loops_ring, kennysheep_another_room, minmay_shop_damaged,
          uniq_eustachio
D:7:      layout_loops_corners, temple_green, serial_shops,
          nicolae_stop_n_shop_1, nicolae_shop_temple_entry_statues_fountains,
          enter_bailey_2, kennysheep_generic_room_12
D:8:      minmay_thinvault, layout_basic, minitemple
D:9:      layout_gridville, erik_lair_dragon, minmay_orc_entry_temple_small
D:10:     layout_cave_pools, serial_ice, serial_ice_e, serial_ice_c,
          serial_ice_a, serial_ice_o, serial_ice_m, serial_ice_g, serial_ice_b,
          serial_ice_f, minmay_misc_feat_pillars, uniq_urug
D:11:     layout_rooms, serial_corexii_hall, corexii_hall_statues_x,
          corexii_hall_statues_deadend, chequers_hall_statues_wall_a
D:12:     cheibrodos_histonic, layout_basic, special_room [special_room_orc],
          led_sif_pool, uniq_frances
D:13:     layout_loops_ring, worms_lemuel
D:14:     layout_cave_pools, hangedman_vaults_entry_quadrant_bands,
          chequers_serial_rivers_micro_c, uniq_roxanne
Temple:   nicolae_temple_ecumenical_triangle
Lair:1:   layout_cave_pods, portal_ice_cave_entry_pillars_1,
          dreamdust_mushroom_princess, grunt_megastairs_5, uniq_maggie
Lair:2:   layout_regular_city, minmay_swamp_entry_eels, nicolae_lair_lil_pond,
          chequers_serial_rivers_large_a, chequers_serial_rivers_micro_e
Lair:3:   layout_cave_shapes, guppyfry_snake_entry_garden, uniq_rupert
Lair:4:   pond_and_an_island_with_a_cottage, layout_long_grid,
          gammafunk_ghost_necromancy, kilobyte_rumbling_trees, uniq_josephine
Lair:5:   gammafunk_lair_ancient_temple, layout_misc_corridors, slime_entry_1,
          infiniplex_staircase_pool_2
Swamp:1:  layout_basic_swamp, evilmike_swamp_ruin_house_2
Swamp:2:  layout_falls_marsh, nicolae_swamp_godswood, infiniplex_staircase_pool
Snake:1:  layout_chambers, ebering_ghost_inner_flame
Orc:1:    layout_caves, nicolae_orc_lost_temple
Orc:2:    st_orc_ogre_mass, layout_caves, serial_shops, shop

Skill      XL: |  1  2  3  4  5  6  7  8  9 10 11 12 13 14 |
---------------+-------------------------------------------+-----
Spellcasting   | 3 4 5 6 9 10 | 10.0
Summonings     | 5 6 7 9 10 | 10.0
Hexes          | 1 3 4 5 7 10 | 10.0
Dodging        | 3 4 6 8 11 14 16 17 | 17.9
Fighting       | 1 2 3 5 10 11 12 13 | 13.8
Air Magic      | 1 2 3 5 7 |  7.0
Transmutations | 4 6 |  6.2
Stealth        | |  2.6

Action                   |  1- 3 |  4- 6 |  7- 9 | 10-12 | 13-15 || total
-------------------------+-------+-------+-------+-------+-------++-------
Melee: Unarmed           |    33 |    59 |    58 |   102 |    28 ||   280
       Bite              |     5 |     3 |     7 |    15 |     5 ||    35
       Punch             |       |     1 |       |       |       ||     1
 Cast: Summon Small Mamm |    15 |       |     2 |     5 |       ||    22
       Call Imp          |    11 |    12 |    11 |    40 |    13 ||    87
       Call Canine Famil |     3 |    19 |    53 |    97 |    44 ||   216
       Summon Guardian G |       |     9 |    44 |   112 |    49 ||   214
       Summon Lightning  |       |       |    17 |    99 |    50 ||   166
       Inner Flame       |       |       |       |     7 |       ||     7
       Swiftness         |       |       |       |    13 |    17 ||    30
       Summon Mana Viper |       |       |       |    12 |    54 ||    66
Invok: Call Merchant     |       |       |       |     3 |     2 ||     5
Evoke: Wand              |       |       |       |    13 |       ||    13
  Use: Scroll            |       |       |    11 |    15 |     8 ||    34
       Potion            |       |       |       |     4 |     6 ||    10
 Stab: Sleeping          |     3 |       |     1 |       |       ||     4
       Distracted        |       |     1 |       |     3 |     1 ||     5
Armor: Skin              |       |     3 |     9 |     5 |     9 ||    26
Dodge: Dodged            |    32 |    68 |    75 |   278 |   179 ||   632
